 Dungeon Crawl Stone Soup version 0.29.1-15-g9cfb28693d (webtiles) character file.

Game seed: 17457989268427480415

16068 BigDaddyOpFi the Grappler (level 12, -6/120 HPs)
             Began as a Troll Fighter on Feb 23, 2023.
             Was a Priest of Wu Jian.
             Shot with a bolt by a tengu warrior (29 damage)
             ... on level 12 of the Dungeon.
             The game lasted 00:17:08 (11234 turns).

BigDaddyOpFi the Grappler (Troll Fighter)          Turns: 11234, Time: 00:17:08

Health: -6/120     AC:  9    Str: 33    XL:     12   Next: 6%
Magic:  11/11      EV: 14    Int: 17    God:    Wu Jian [***...]
Gold:   825        SH: 10    Dex:  9    Spells: 11/11 levels left

rFire   . . .      SeeInvis +     - Unarmed
rCold   . . .      Faith    .   n - +1 kite shield of Bellicose Awe {Int+9}
rNeg    . . .      Spirit   .   D - +5 robe of Night {Dark Will+ SInv}
rPois   .          Reflect  .   (helmet restricted)
rElec   .          Harm     .   (no cloak)
rCorr   .          Rampage  .   (gloves unavailable)
Will    +....                   (boots unavailable)
Stlth   +.........              (no amulet)
HPRegen 1.10/turn               l - +6 ring of strength
MPRegen 0.12/turn               L - +4 ring of evasion

@: hasted, very quick
A: large, unfitting armour, claws 3, regeneration 1, shaggy fur 1, tough skin 1
a: Renounce Religion, Wall Jump, Serpent's Lash


You were on level 12 of the Dungeon.
You worshipped Wu Jian.
Wu Jian was most pleased with you.
You visited 2 branches of the dungeon, and saw 14 of its levels.
You also visited: Ossuary.

You collected 825 gold pieces.

Inventory:

Hand Weapons
 q - the +8 dagger of Xabotzy {elec, Fly rElec rF+ Str+3}
   (You found it on level 4 of the Dungeon)

   It occasionally discharges a powerful burst of electricity upon striking a
   foe.
   Str:       It affects your strength (+3).
   rF:        It protects you from fire.
   rElec:     It insulates you from electricity.
   Fly:       It grants you flight.
Missiles
 b - 7 boomerangs
Armour
 n - the +1 kite shield of Bellicose Awe (worn) {Int+9}
   (You found it on level 3 of the Dungeon)

   Int:       It affects your intelligence (+9).
 v - +3 steam dragon scales
 D - the +5 robe of Night (worn) {Dark Will+ SInv}
   (You acquired it on level 9 of the Dungeon)

   It shrouds the wearer in darkness, reducing the range at which they can see
   and be seen by others.
   SInv:      It lets you see invisible.
   Will:      It increases your willpower.
Jewellery
 l - a +6 ring of strength (left claw)
 s - a +4 ring of protection
 y - an amulet of faith
 z - an amulet of the acrobat
 C - a ring of fire
 F - a ring of poison resistance
 L - a +4 ring of evasion (right claw)
 P - a ring of protection from fire
 Q - the ring "Kanik" {MP+9 EV+4 Int-3 Dex+3 SInv}
   (You found it on level 11 of the Dungeon)

   [ring of evasion]

   EV:        It affects your evasion (+4).
   Int:       It affects your intelligence (-3).
   Dex:       It affects your dexterity (+3).
   MP:        It affects your magic capacity (+9).
   SInv:      It lets you see invisible.
Wands
 c - a wand of quicksilver (23) (quivered)
 k - a wand of flame (46)
 r - a wand of digging (18)
 u - a wand of polymorph (6)
 E - a wand of paralysis (15)
 H - a wand of mindburst (12)
Scrolls
 d - 8 scrolls of teleportation
 f - 3 scrolls of identify
 g - 2 scrolls of amnesia
 j - a scroll of enchant weapon
 o - a scroll of fear
 w - a scroll of brand weapon
 x - a scroll of noise
 A - a scroll of fog
 J - a scroll of magic mapping
 K - a scroll of immolation
Potions
 a - 2 potions of flight
 e - 2 potions of berserk rage
 h - 5 potions of degeneration
 i - 2 potions of brilliance
 m - a potion of magic
 p - a potion of ambrosia {unknown}
 t - a potion of lignification {unknown}
 B - a potion of invisibility {unknown}
 G - a potion of experience {unknown}
 I - 2 potions of haste
 M - a potion of attraction {unknown}
 N - a potion of cancellation {unknown}


   Skills:
 + Level 8.2 Fighting
 + Level 6.5 Dodging
 + Level 9.0 Shields
 * Level 13.2 Unarmed Combat


You had 11 spell levels left.
You didn't know any spells.
Your spell library contained the following spells:

 Spells                   Type           Power      Damage    Failure   Level
 Slow                     Hex            0%         N/A       41%         1
 Static Discharge         Conj/Air       0%         3-3/arc   56%         2
 Confusing Touch          Hex            0%         N/A       80%         3
 Inner Flame              Hex/Fire       0%         N/A       80%         3
 Vampiric Draining        Necr           0%         2d6       80%         3
 Cause Fear               Hex            0%         N/A       99%         4
 Lightning Bolt           Conj/Air       0%         1d11      100%        5
 Discord                  Hex            0%         N/A       100%        8
 Maxwell's Capacitive Co  Air            0%         ∞         100%        8


Dungeon Overview and Level Annotations

Branches:
Dungeon (13/15)            Temple (1/1) D:7            Lair (0/5) D:11
    Orc (0/2) D:10        Ossuary (visited)
 Vaults: D:13-14

Altars:
Ashenzari
Cheibriados
Dithmenos
Elyvilon
Fedhas
Gozag
Hepliaklqana
Kikubaaqudgha
Makhleb
Nemelex Xobeh
Okawaru
Qazlal
Ru
Sif Muna
Trog
Uskayaw
Vehumet
Wu Jian
Xom
Yredelemnul
Zin
The Shining One

Shops:
D:1 (   D:7 (=   D:8 [!((


Innate Abilities, Weirdness & Mutations

You are too large for most types of armour.
You have claws for hands.
Your natural rate of healing is unusually fast.
You are covered in fur. (AC +1)
You have tough skin. (AC +1)


Message History

You scratch the cyan ugly thing.
The cyan ugly thing is heavily wounded.
The cyan ugly thing misses you. You block the tengu warrior's attack.
The tengu warrior pecks you but does no damage.
The tengu warrior claws you but does no damage.
You barely miss the cyan ugly thing.
The cyan ugly thing is heavily wounded.
The tengu warrior hits you with a +0 glaive.
The tengu warrior pecks you but does no damage.
You block the tengu warrior's attack. The cyan ugly thing misses you.
You mangle the cyan ugly thing!!
The cyan ugly thing is almost dead.
The tengu warrior hits you with a +0 glaive!!
* * * LOW HITPOINT WARNING * * *
The tengu warrior pecks you but does no damage.
The tengu warrior misses you. The cyan ugly thing closely misses you.
The tengu warrior hits you from afar with a +0 glaive.
* * * LOW HITPOINT WARNING * * *
Items here: ))) †.
You feel yourself speed up. The cyan ugly thing closely misses you.
You block the tengu warrior's attack.
You scratch the cyan ugly thing but do no damage.
The cyan ugly thing is almost dead.
You block the cyan ugly thing's attack.
The tengu warrior hits you from afar with a +0 glaive!
* * * LOW HITPOINT WARNING * * *
You feel less exhausted.
You see here a howler monkey corpse.
Aiming: Quicksilver Bolt
Press: ? - help, Q - select action, (/) - cycle Shift-Dir - straight line, f - cyan ugly thing
Aim: a cyan ugly thing (almost dead, 71% to hit)
The bolt of dispelling energy hits the cyan ugly thing!
You kill the cyan ugly thing!
The Council accepts your kill.
The tengu warrior unwields a +0 glaive.
The tengu warrior wields a +0 arbalest.
The tengu warrior shoots a bolt.
The bolt hits you!
* * * LOW HITPOINT WARNING * * *
Unknown command.
The tengu warrior shoots a bolt.
The bolt hits you!!
You die...

######....###...#########
# #......# #...# #
#......# #...# # #..#...#
#...# # #..#...# #...#
#.#.#..# #...#
..#.#..###...#
#.##.......######### .#
#.......@.......#
##..............#
#..#....######.#
##.#....# # #.....Q#
##.....######.#
#............#
##...........#
###...#####.#


You could see a tengu warrior.

Vanquished Creatures
  A boulder beetle (D:11)
  4 two-headed ogres
  A skeletal warrior (D:12)
  Pikel (D:4)
  2 ugly things
  An orc knight (D:12)
  An unseen horror (D:11)
  A komodo dragon (D:12)
  An unseen horror zombie (D:9)
  A troll (D:7)
  3 hornets
  A slime creature (D:12)
  10 yaks
  4 wraiths
  Eustachio (D:6)
  A wyvern (D:8)
  2 shadows
  5 steam dragons
  5 vampire mosquitoes (D:11)
  4 water moccasins
  2 sky beasts
  3 orc warriors
  2 ice beasts (D:7)
  3 black bears (D:11)
  A hornet zombie (D:9)
  3 centaurs
  2 lemures (D:4)
  An ogre (D:6)
  5 kobold brigands
  A phantom (D:4)
  2 gnoll sergeants
  6 bullfrogs
  4 scorpions
  3 water moccasin zombies (Ossuary)
  10 wights
  9 killer bees
  3 howler monkeys
  A centaur zombie (D:9)
  4 hounds
  2 jellies
  6 orc priests
  2 gnoll boudas
  3 iguanas
  13 orc wizards
  2 mummies (Ossuary)
  2 howler monkey zombies (D:9)
  4 adders
  18 gnolls
  2 shadow imps
  A white imp (D:6)
  2 ufetubi (D:6)
  2 adder zombies (Ossuary)
  3 dart slugs
  46 orcs
  12 ball pythons
  6 bats
  7 endoplasms
  4 giant cockroaches
  7 hobgoblins
  12 jackals
  20 kobolds
  3 quokkas
  2 frilled lizards (D:1)
  3 gnoll zombies (Ossuary)
  6 goblins
  6 hobgoblin zombies (Ossuary)
  2 kobold zombies (Ossuary)
  5 orc zombies (Ossuary)
  3 rats
321 creatures vanquished.

Vanquished Creatures (others)
  39 fungi (D:11)
  57 plants
96 creatures vanquished.

Grand Total: 417 creatures vanquished

Notes
Turn   | Place    | Note
-------+----------+-------------------------------------------
     0 | D:1      | BigDaddyOpFi the Troll Fighter began the quest for the Orb.
     0 | D:1      | Reached XP level 1. HP: 22/22 MP: 0/0
    54 | D:1      | Found Gesaff's Antique Weapon Boutique.
   129 | D:1      | Reached XP level 2. HP: 29/29 MP: 1/1
   334 | D:1      | Reached XP level 3. HP: 31/36 MP: 2/2
   558 | D:1      | Reached skill level 3 in Unarmed Combat
  1272 | D:3      | Identified the +1 kite shield of Bellicose Awe {Int+9}
  1490 | D:3      | Reached XP level 4. HP: 44/44 MP: 3/3
  1983 | D:3      | Reached XP level 5. HP: 26/53 MP: 4/4
  2215 | D:4      | Reached skill level 4 in Unarmed Combat
  2238 | D:4      | Noticed a lemure
  2238 | D:4      | Noticed a lemure
  2239 | D:4      | Noticed Pikel
  2239 | D:4      | Noticed a lemure
  2240 | D:4      | Noticed a lemure
  2250 | D:4      | Killed a lemure
  2254 | D:4      | Killed a lemure
  2261 | D:4      | Killed Pikel
  2262 | D:4      | Reached skill level 5 in Unarmed Combat
  2262 | D:4      | Reached XP level 6. HP: 33/62 MP: 5/5
  2262 | D:4      | Reached XP level 7. HP: 38/70 MP: 6/6
  2343 | D:4      | Identified the +8 dagger of Xabotzy {elec, Fly rElec rF+
                  | Str+3}
  2650 | D:4      | Reached skill level 6 in Unarmed Combat
  2991 | D:5      | Entered Level 5 of the Dungeon
  3056 | D:5      | Noticed a hornet
  3065 | D:5      | Paralysed by a hornet for 3 turns
  3074 | D:5      | Killed a hornet
  3075 | D:5      | Reached skill level 5 in Shields
  3140 | D:5      | Reached XP level 8. HP: 79/79 MP: 7/7
  3232 | D:5      | Found a sand-covered staircase.
  3239 | Ossuary  | Entered an ossuary
  3264 | Ossuary  | Reached skill level 7 in Unarmed Combat
  3722 | D:5      | Reached skill level 5 in Fighting
  3892 | D:5      | You fall into a shaft and drop 1 floor!
  4118 | D:6      | Noticed Eustachio
  4130 | D:6      | Killed Eustachio
  4131 | D:6      | Reached skill level 8 in Unarmed Combat
  4333 | D:6      | Reached XP level 9. HP: 88/88 MP: 8/8
  4610 | D:6      | Reached skill level 9 in Unarmed Combat
  5010 | D:7      | Found a staircase to the Ecumenical Temple.
  5045 | Temple   | Entered the Ecumenical Temple
  5402 | Temple   | Became a worshipper of the Wu Jian Council
  5489 | D:7      | Found Waeriq's Jewellery Boutique.
  5726 | D:7      | Found Mum Bong's Weapon Shop.
  6205 | D:7      | Noticed a troll
  6205 | D:7      | Noticed a two-headed ogre
  6261 | D:7      | Killed a troll
  6262 | D:7      | Reached skill level 10 in Unarmed Combat
  6624 | D:8      | Reached XP level 10. HP: 100/100 MP: 9/9
  6632 | D:8      | Noticed a two-headed ogre
  6642 | D:8      | Killed a two-headed ogre
  6817 | D:8      | Noticed a cyan ugly thing
  6826 | D:8      | Killed a cyan ugly thing
  7108 | D:8      | Found a glowing golden altar of the Shining One.
  7140 | D:8      | Found a glowing silver altar of Zin.
  7276 | D:8      | Reached * piety under Wu Jian
  7405 | D:8      | Found Ocavah's Distillery.
  7405 | D:8      | Found Luqempel's Armour Boutique.
  7406 | D:8      | Found Uningox's Antique Weapon Boutique.
  7406 | D:8      | Found Pohev's Antique Weapon Boutique.
  7465 | D:8      | Reached skill level 11 in Unarmed Combat
  7501 | D:8      | Noticed a two-headed ogre
  7510 | D:8      | Killed a two-headed ogre
  7654 | D:8      | Reached skill level 5 in Dodging
  7828 | D:9      | Noticed a two-headed ogre
  7842 | D:9      | Killed a two-headed ogre
  7872 | D:9      | Reached XP level 11. HP: 109/109 MP: 10/10
  8189 | D:9      | Reached ** piety under Wu Jian
  8365 | D:9      | Reached skill level 12 in Unarmed Combat
  8597 | D:9      | Identified a scroll of acquirement
  8599 | D:9      | Acquired the +5 robe of Night {Dark Will+ SInv}
  8599 | D:9      | Found the +5 robe of Night {Dark Will+ SInv}
  8641 | D:10     | Entered Level 10 of the Dungeon
  8852 | D:10     | Found a staircase to the Orcish Mines.
  8886 | D:10     | Paralysed by a hornet for 1 turns
  9214 | D:11     | Noticed a boulder beetle
  9226 | D:11     | Killed a boulder beetle
  9234 | D:11     | Reached *** piety under Wu Jian
  9977 | D:11     | Found a staircase to the Lair.
 10060 | D:11     | Identified the ring "Kanik" {MP+9 EV+4 Int-3 Dex+3 SInv}
 10684 | D:12     | HP: 4/111 [poisoned by a gnoll sergeant]
 10689 | D:12     | HP: 2/111 [poisoned by a gnoll sergeant]
 11076 | D:12     | Noticed a skeletal warrior
 11077 | D:12     | Noticed a two-headed ogre
 11078 | D:12     | Killed a skeletal warrior
 11084 | D:12     | Killed a two-headed ogre
 11085 | D:12     | Reached skill level 13 in Unarmed Combat
 11192 | D:12     | Noticed an orc knight
 11195 | D:12     | Reached XP level 12. HP: 103/119 MP: 11/11
 11200 | D:12     | Noticed a tengu warrior
 11234 | D:12     | Shot with a bolt by a tengu warrior

Illustrated notes

Levels and vault maps discovered:
D:1:      heliophobic_arrival_ceremonial_halls, layout_loops_ring, serial_shops,
          nicolae_shop_crystal, serial_glass, glass_columns_b, glass_columns_c
D:2:      layout_loops_cross
D:3:      layout_basic
D:4:      layout_loops_ring, serial_bayou, serial_bayou_pond_e,
          serial_bayou_pond_c, serial_bayou_pond_a, serial_bayou_shore_a,
          serial_bayou_lagoon_a, uniq_pikel
D:5:      layout_basic, enter_ossuary_1
D:6:      cheibrodos_thug_alley, layout_basic, uniq_eustachio
D:7:      minmay_slanted_spiral_squares, layout_cave_pools,
          minmay_temple_entry_overgrown, serial_shops,
          nicolae_inconvenience_store, shop, chequers_serial_rivers_room_a
D:8:      layout_loops_ring, mainiacjoe_overflow_two_lobes,
          minmay_shop_grid_forest, chequers_avenue
D:9:      layout_stronghold, serial_undead, serial_undead_e, serial_undead_f,
          serial_undead_a, serial_undead_a, minmay_between
D:10:     layout_big_octagon
D:11:     layout_irregular_city, due_lair_maze_entry_diamond, serial_rivers,
          chequers_serial_rivers_micro_e, chequers_serial_rivers_small_3,
          chequers_serial_rivers_large_a, chequers_serial_rivers_micro_e,
          chequers_serial_rivers_small_3
D:12:     minmay_the_grid_four_pointed_star
          [minmay_the_grid_triangle_9x9_swiss_cheese,
          minmay_the_grid_triangle_9x9_sparse_checkered,
          minmay_the_grid_triangle_9x9_checkered,
          minmay_the_grid_triangle_9x9_zippers_vertical,
          minmay_the_grid_prize_big_room], layout_small_grid
D:13:     layout_irregular_city, skrybe_vaults_entry_preservation,
          gammafunk_ghost_spectres, serial_co_window_serial, co_window_paths_b,
          co_window_of_opportunity_a, co_window_paths_a, co_window_paths_b,
          co_window_paths_b, co_window_2corner, co_window_unsneaky_path_d,
          co_window_broadway_b, co_window_4corner_a, glass_columns_a
Temple:   mainiacjoe_temple_cubbyholes

Skill      XL: |  1  2  3  4  5  6  7  8  9 10 11 |
---------------+----------------------------------+-----
Shields        | 3 4 5 6 7 9 |  9.0
Unarmed Combat | 3 5 6 8 10 11 13 | 13.2
Fighting       | 3 4 5 6 7 8 |  8.2
Dodging        | 3 5 6 |  6.5

Action                   |  1- 3 |  4- 6 |  7- 9 | 10-12 || total
-------------------------+-------+-------+-------+-------++-------
Melee: Unarmed           |   120 |    41 |   404 |   414 ||   979
       Dagger            |       |       |    15 |       ||    15
Invok: Lunge             |       |       |     2 |    28 ||    30
       Whirlwind         |       |       |       |    29 ||    29
       Serpent's Lash    |       |       |       |     2 ||     2
 Abil: Wall Jump         |       |       |       |     2 ||     2
Evoke: Wand              |       |       |       |     2 ||     2
  Use: Scroll            |     3 |       |    13 |     9 ||    25
       Potion            |       |     2 |    10 |     3 ||    15
 Stab: Sleeping          |     2 |       |       |       ||     2
Armor: Robe              |    33 |    14 |   166 |    58 ||   271
       Steam dragon scal |       |       |     6 |    21 ||    27
Dodge: Dodged            |    49 |    10 |   136 |   199 ||   394
Block: Kite shield       |    32 |    18 |   192 |   216 ||   458
